 Dungeon Crawl Stone Soup version 0.29-a0-284-gf9362112df (webtiles) character file.

Game seed: 2408254409269968811

2583 Dabor the Protected (level 9, -5/59 HPs)
             Began as a Gargoyle Fighter on Mar 14, 2022.
             Was a Believer of Okawaru.
             Killed by divine providence
             ... invoked by an orc priest
              (8 damage)
             ... on level 7 of the Dungeon.
             The game lasted 00:09:50 (6282 turns).

Dabor the Protected (Gargoyle Fighter)              Turns: 6282, Time: 00:09:51

Health: -5/59      AC: 19    Str: 25    XL:     9   Next: 58%
Magic:  10/10      EV: 11    Int:  8    God:    Okawaru [**....]
Gold:   384        SH:  5    Dex: 15    Spells: 8/8 levels left

rFire   . . .      SeeInvis .   j - +4 flail (vorpal)
rCold   . . .      Faith    .   c - +0 buckler
rNeg    + . .      Spirit   .   e - +5 ring mail {Will+}
rPois   ∞          Reflect  .   u - +0 helmet
rElec   +          Harm     .   (no cloak)
rCorr   .          Rampage  .   (no gloves)
Will    +....                   (no boots)
Stlth   +.........              (no amulet)
HPRegen 0.19/turn               n - +6 ring of dexterity
MPRegen 0.12/turn               (no ring)

@: no status effects
A: sickness immunity, AC +6, negative energy resistance 1, electricity
resistance, torment resistance 1, petrification resistance
a: Renounce Religion, Heroism


You were on level 7 of the Dungeon.
You worshipped Okawaru.
Okawaru was pleased with you.
You visited 2 branches of the dungeon, and saw 8 of its levels.

You collected 384 gold pieces.

Inventory:

Hand Weapons
 a - a +0 flail
 j - a +4 vorpal flail (weapon)
Missiles
 q - a throwing net
 r - 5 poisoned darts
 s - 2 javelins (quivered)
Armour
 b - a +0 scale mail
 c - a +0 buckler (worn)
 e - a +5 ring mail of willpower (worn)
 k - a +2 chain mail of fire resistance
 u - a +0 helmet (worn)
Jewellery
 n - a +6 ring of dexterity (left hand)
Wands
 m - a wand of iceblast (13)
Scrolls
 g - a scroll of noise
 h - a scroll of amnesia
 l - 2 scrolls of brand weapon
 p - 3 scrolls of identify
Potions
 d - a potion of might
 f - 4 potions of curing {unknown}
 i - a potion of heal wounds {unknown}
 o - a potion of brilliance
 t - 3 potions of attraction {unknown}


   Skills:
 + Level 8.2 Fighting
 + Level 7.0 Maces & Flails
 + Level 1.9 Throwing
 + Level 8.2 Armour
 + Level 1.5 Dodging
 - Level 4.0 Shields
 + Level 2.3 Invocations


You had 8 spell levels left.
You didn't know any spells.
Your spell library contained the following spells:

 Spells                   Type           Power      Damage    Failure   Level
 Ensorcelled Hibernation  Hex/Ice        0%         N/A       77%         2
 Spider Form              Tmut/Pois      0%         N/A       94%         3
 Anguish                  Hex/Necr       0%         N/A       100%        4


Dungeon Overview and Level Annotations

Branches:
Dungeon (7/15)             Temple (1/1) D:4

Altars:
Ashenzari
Cheibriados
Dithmenos
Elyvilon
Gozag
Kikubaaqudgha
Makhleb
Nemelex Xobeh
Okawaru
Qazlal
Ru
Sif Muna
Uskayaw
Wu Jian
Zin
The Shining One

Shops:
D:6 :


Innate Abilities, Weirdness & Mutations

You are immune to sickness and miasma.
Your stone body is resilient. (AC +6)
You are immune to poison.
You resist negative energy. (rN+)
You are resistant to electric shocks. (rElec)
You are resistant to unholy torment.
You are immune to petrification.


Message History

The black bear bites you.
The black bear claws you but does no damage.
The black bear barely misses you. The water moccasin bites you.
You hit the black bear but do no damage.
The black bear is moderately wounded.
The orc priest looks braver for a moment.
The black bear bites you but does no damage.
The black bear claws you but does no damage.
The black bear barely misses you.
The water moccasin bites you but does no damage.
You sock the black bear!
The black bear is severely wounded.
The water moccasin bites you. You block the black bear's attack.
The black bear claws you but does no damage. x2
The water moccasin bites you but does no damage.
The water moccasin attacks as you move away!
You block the water moccasin's attack. The white imp gestures at you.
The puff of frost hits you.
An orc comes into view. It is wielding a +0 club.
The orc shouts!
The water moccasin closely misses you.
An orc priest comes into view. It is wielding a +0 mace.
The orc priest hits you but does no damage.
The black bear attacks as you move away!
The black bear bites you but does no damage.
The black bear claws you. x2
* * * LOW HITPOINT WARNING * * *
The orc priest attacks as you move away!
The orc priest barely misses you.
The water moccasin bites you but does no damage.
The orc priest mumbles some strange prayers to Beogh against you.
Beogh smites you!
* * * LOW HITPOINT WARNING * * *
The orc priest attacks as you move away!
The orc priest hits you with a +0 flail.
* * * LOW HITPOINT WARNING * * *
The orc priest calls down the wrath of Beogh upon you.
Beogh smites you!
You die...

#.........[......
#...........#
##...#......#
##........o..#
#...........?###
#.......5.......
##......ho....o.#
#.###..S........
# ##.@...#.#..
#.#.#..###.
######.... ....
#.. ##


You could see a water moccasin, a black bear, 2 orc priests, a white imp and an
orc.

Vanquished Creatures
  Pikel (D:4)
  Prince Ribbit (D:6)
  Sigmund (D:5)
  3 yaks (D:6)
  Edmund (D:4)
  2 black bears (D:6)
  A sky beast (D:5)
  A phantom (D:5)
  A necrophage (D:6)
  5 scorpions
  An orc priest (D:5)
  2 hounds
  A jelly (D:7)
  A gnoll shaman (D:6)
  Ijyb (D:5)
  An iguana (D:5)
  Natasha (twice) (D:4)
  2 orc wizards
  Terence (D:2)
  Robin (D:4)
  2 adders
  6 gnolls
  A shadow imp (D:5)
  An ufetubus (D:5)
  A worm (D:2)
  2 dart slugs
  13 orcs
  10 ball pythons
  4 endoplasms
  12 goblins
  7 hobgoblins
  6 jackals
  6 kobolds
  2 quokkas
  7 bats
  3 frilled lizards
  3 rats
116 creatures vanquished.

Vanquished Creatures (others)
  2 plants (D:2)
2 creatures vanquished.

Grand Total: 118 creatures vanquished

Notes
Turn   | Place    | Note
-------+----------+-------------------------------------------
     0 | D:1      | Dabor the Gargoyle Fighter began the quest for the Orb.
     0 | D:1      | Reached XP level 1. HP: 14/14 MP: 1/1
    67 | D:1      | Reached XP level 2. HP: 13/19 MP: 2/2
   506 | D:1      | Found a faded altar of an unknown god.
   845 | D:2      | Found a stormy altar of Qazlal.
   864 | D:2      | Reached XP level 3. HP: 23/23 MP: 3/3
   921 | D:2      | HP: 1/24 [something/magic dart (5)]
   951 | D:2      | Reached XP level 4. HP: 5/29 MP: 4/4
  1436 | D:2      | Noticed Terence
  1448 | D:2      | Killed Terence
  2720 | D:3      | Reached XP level 5. HP: 31/33 MP: 5/5
  2892 | D:4      | Noticed Edmund
  2910 | D:4      | Killed Edmund
  2911 | D:4      | Reached XP level 6. HP: 37/39 MP: 6/6
  2957 | D:4      | Noticed Robin
  2987 | D:4      | Killed Robin
  3114 | D:4      | Reached skill level 5 in Armour
  3147 | D:4      | Noticed Natasha
  3155 | D:4      | Killed Natasha
  3156 | D:4      | Reached skill level 5 in Fighting
  3206 | D:4      | Found a staircase to the Ecumenical Temple.
  3207 | D:4      | Noticed Pikel
  3221 | D:4      | Killed Pikel
  3222 | D:4      | Reached skill level 5 in Maces & Flails
  3222 | D:4      | Reached XP level 7. HP: 45/46 MP: 7/7
  3222 | D:4      | Reached XP level 8. HP: 50/51 MP: 8/8
  3231 | D:4      | Noticed Natasha
  3238 | D:4      | Killed Natasha
  3246 | Temple   | Entered the Ecumenical Temple
  3449 | Temple   | Became a worshipper of Warmaster Okawaru
  3840 | D:5      | Entered Level 5 of the Dungeon
  4169 | D:5      | Found a shimmering blue altar of Sif Muna.
  4227 | D:5      | Noticed Sigmund
  4245 | D:5      | Killed Sigmund
  4245 | D:5      | Reached * piety under Okawaru
  4332 | D:5      | Noticed Ijyb
  4340 | D:5      | Killed Ijyb
  4855 | D:6      | Found Sint's Book Emporium.
  4863 | D:6      | Reached XP level 9. HP: 55/58 MP: 9/9
  4976 | D:6      | Reached skill level 1 in Invocations
  4978 | D:6      | Reached ** piety under Okawaru
  4979 | D:6      | Reached skill level 1 in Throwing
  4979 | D:6      | Reached skill level 1 in Dodging
  5693 | D:6      | Found a broken altar of Ashenzari.
  5751 | D:6      | Noticed Prince Ribbit
  5766 | D:6      | Killed Prince Ribbit
  6282 | D:7      | Killed from afar by an orc priest

Illustrated notes

Levels and vault maps discovered:
D:1:      lightli_arrival_windingriver, layout_basic,
          ebering_ecumenical_altar_mist
D:2:      cheibrodos_old_hovel, layout_loops_ring, basic_altar, uniq_terence
D:3:      layout_basic, minmay_tree_intersection
D:4:      layout_basic, minmay_temple_entry_waves, uniq_pikel, uniq_robin,
          uniq_edmund, uniq_natasha
D:5:      layout_basic, mainiacjoe_overflow_brackets,
          ebering_dispersal_statue_hall, uniq_sigmund, uniq_ijyb
D:6:      nicolae_cairo_tiling_very_big, layout_basic,
          cheibrodos_ashenzari_chains, amcnicky_mini_corridor_feature,
          grunt_ministairs_4, kennysheep_small_circle, uniq_prince_ribbit1
D:7:      layout_cave_pools, yredelemnul_forgotten_temple_becter,
          serial_gnoll_camp, gnoll_camp_mini_shop, gnoll_camp_mini_loothouse,
          gnoll_camp_mini_sergeant, gnoll_camp_mini_hut,
          gnoll_camp_mini_doghouse, gnoll_camp_medium_02, uniq_menkaure
Temple:   jpeg_temple_clearing

Skill      XL: |  1  2  3  4  5  6  7  8  9 |
---------------+----------------------------+-----
Fighting       | 4 6 7 8 |  8.2
Armour         | 4 6 7 8 |  8.2
Shields        | 4 |  4.0
Maces & Flails | 3 5 6 7 |  7.0
Invocations    | 2 |  2.3
Throwing       | 1 |  1.9
Dodging        | 1 |  1.5

Action                   |  1- 3 |  4- 6 |  7- 9 || total
-------------------------+-------+-------+-------++-------
Melee: Flail             |    79 |   147 |   148 ||   374
Throw: Dart              |       |     5 |    10 ||    15
       Throwing net      |       |       |     1 ||     1
Invok: Heroism           |       |       |     1 ||     1
  Use: Potion            |     1 |     2 |       ||     3
       Scroll            |       |     1 |     9 ||    10
 Stab: Held in net/web   |       |       |     1 ||     1
Armor: Scale mail        |    57 |    26 |       ||    83
       Chain mail        |       |    32 |       ||    32
       Ring mail         |       |    42 |    97 ||   139
Dodge: Dodged            |    39 |    57 |    50 ||   146
Block: Buckler           |    20 |    44 |    28 ||    92

Table legend: (Time is in decaauts)
 A = Elapsed time spent in this place.
 B = Non-inter-level travel time spent in this place.
 C = Inter-level travel time spent in this place.
 D = Time resting spent in this place.
 E = Time spent auto-exploring this place.
 F = Levels seen in this place.
 G = Mean time per level.
                   A        B        C        D        E       F      G
               +--------+--------+--------+--------+--------+-----+--------+
         Total |   6365 |   6047 |    318 |    840 |   4165 |   8 |  795.6 |
       Dungeon |   6144 |   5875 |    269 |    840 |   4082 |   7 |  877.7 |
        Temple |    220 |    171 |     49 |      0 |     83 |   1 |  220.0 |
               +--------+--------+--------+--------+--------+-----+--------+

Top non-repeatable levels by time:
     D:6: 1481 daAuts
     D:2: 1459 daAuts
     D:5: 952 daAuts
     D:4: 866 daAuts
     D:1: 857 daAuts
     D:3: 504 daAuts
  Temple: 220 daAuts
     D:7: 22 daAuts
